AoeStats
← ShowMeUarLoVe

Arabia

510345764Analyzed
1v1 RM · 3d ago on Sep 30, 2026· 35m 1s· 2 players
Game mode
Random Map
Map size
Tiny (2 player)
Population
200
Speed
Normal
Resources
Standard
Victory
Conquest
Starting age
Dark Age
Ending age
Imperial Age
RankedLock teamsTeams togetherTeam positionsShared explorationLock speedFull tech treeHidden civsTurbo modeCheats
Victory
Defeat
🇦🇷 Hindustanis · Argentina
1077
+17
🇨🇦 Persians · Canada
1093
-17
Kikelot
7:03 Loom
9:25 Feudal Age
10:44 Man-at-Arms
17:14 Wheelbarrow
19:58 Castle Age
18:46 Double-Bit Axe
19:15 Bloodlines
19:43 Forging
19:19 Horse Collar
20:41 Scale Barding Armor
22:23 Chain Barding Armor
24:12 Husbandry
26:50 Iron Casting
27:05 Stone Mining
27:05 Gold Mining
27:27 Bow Saw
27:20 Heavy Plow
ShowMeUarLoVe
12:54 Feudal Age
14:12 Double-Bit Axe
15:28 Gold Mining
16:59 Fletching
21:29 Castle Age
19:36 Horse Collar
21:26 Stone Mining
22:05 Crossbowman
23:52 Wheelbarrow
25:51 Loom
32:28 Scale Mail Armor
Connection lost

Rejoining the realm…

Still unreachable

The connection could not be restored.

Session expired

The server has moved on; the page needs a fresh start.